 Dungeon Crawl Stone Soup version 0.29.1-14-g9c671dbff4 (webtiles) character file.

Game seed: 9809358800797297133

5882 Kangrisorn the Fighter (level 10, -9/91 HPs)
             Began as a Minotaur Fighter on Feb 16, 2023.
             Was a High Priest of Okawaru.
             Mangled by a skeletal warrior
             ... wielding a +0 trident
              (22 damage)
             ... on level 8 of the Dungeon on Feb 17, 2023.
             The game lasted 00:27:12 (7106 turns).

Kangrisorn the Fighter (Minotaur Fighter)           Turns: 7106, Time: 00:27:13

Health: -9/91      AC: 20    Str: 25    XL:     10   Next: 52%
Magic:  3/3        EV:  8    Int:  5    God:    Okawaru [*****.]
Gold:   265        SH: 15    Dex: 10    Spells: 9/9 levels left

rFire   . . .      SeeInvis .   G - +5 broad axe "Ogreslayer" {antimagic, rElec Will+ Stlth+}
rCold   . . .      Faith    .   E - +0 kite shield
rNeg    + . .      Spirit   .   l - +5 scale mail of the Voracious God {Regen+}
rPois   +          Reflect  +   (helmet restricted)
rElec   +          Harm     .   u - +1 cloak {rCorr}
rCorr   +          Rampage  .   D - +1 pair of gloves
Will    +....                   s - +1 pair of boots
Stlth   +.........              C - amulet of reflection
HPRegen 1.05/turn               g - ring of positive energy
MPRegen 0.08/turn               j - ring of poison resistance

@: about to teleport
A: horns 2, retaliatory headbutt
a: Renounce Religion, Heroism, Finesse, Duel


You were on level 8 of the Dungeon.
You worshipped Okawaru.
Okawaru was extremely pleased with you.
You visited 2 branches of the dungeon, and saw 10 of its levels.

You collected 497 gold pieces.
You spent 232 gold pieces at shops.

Inventory:

Hand Weapons
 a - a +0 war axe
 G - the +5 broad axe "Ogreslayer" (weapon) {antimagic, rElec Will+ Stlth+}
   (Okawaru gifted it to you on level 9 of the Dungeon)

   It reduces the magical energy of the wielder, and disrupts the spells and
   magical abilities of those it strikes.
   Natural abilities and divine invocations are not affected.
   rElec:     It insulates you from electricity.
   Will:      It increases your willpower.
   Stlth:     It makes you more stealthy.
Missiles
 d - 7 atropa-tipped darts
 e - 18 poisoned darts
 f - a silver boomerang
 m - 11 boomerangs (quivered)
 F - 4 throwing nets
 H - 2 boomerangs of dispersal
Armour
 l - the +5 scale mail of the Voracious God (worn) {Regen+}
   (You found it on level 6 of the Dungeon)

   Regen:     It increases your rate of health regeneration.
 s - a +1 pair of boots (worn)
 u - a +1 cloak of preservation (worn)
 B - a +0 plate armour
 D - a +1 pair of gloves (worn)
 E - a +0 kite shield (worn)
Jewellery
 g - a ring of positive energy (left hand)
 j - a ring of poison resistance (right hand)
 C - an amulet of reflection (around neck)
Wands
 k - a wand of flame (29)
 x - a wand of iceblast (8)
 z - a wand of digging (6)
Scrolls
 o - 3 scrolls of magic mapping
 q - 2 scrolls of fear
 t - 2 scrolls of teleportation
 y - a scroll of amnesia {unknown}
Potions
 b - a potion of berserk rage {unknown}
 c - a potion of haste {unknown}
 h - 2 potions of invisibility
 i - 3 potions of cancellation
 n - 5 potions of curing
 p - a potion of flight
 r - a potion of mutation
 v - 2 potions of lignification
 w - a potion of heal wounds
 A - a potion of resistance


   Skills:
 + Level 9.3 Fighting
 + Level 8.9 Axes
 + Level 7.0 Throwing
 + Level 9.3 Armour
 + Level 9.3 Shields


You had 9 spell levels left.
You didn't know any spells.
Your spell library contained the following spells:

 Spells                   Type           Power      Damage    Failure   Level
 Gell's Gravitas          Tloc           0%         N/A       100%        3
 Ozocubu's Armour         Ice            0%         N/A       100%        3
 Teleport Other           Tloc           0%         N/A       100%        3
 Dispersal                Tloc           0%         N/A       100%        6
 Ozocubu's Refrigeration  Ice            0%         4d7       100%        7


Dungeon Overview and Level Annotations

Branches:
Dungeon (9/15)             Temple (1/1) D:4            Lair (0/5) D:8
    Orc: D:9-12

Altars:
Ashenzari
Dithmenos
Elyvilon
Fedhas
Gozag
Hepliaklqana
Kikubaaqudgha
Makhleb
Nemelex Xobeh
Okawaru
Wu Jian

Shops:
D:5 [   D:7 [


Innate Abilities, Weirdness & Mutations

You have a pair of horns on your head.
You reflexively headbutt those who attack you in melee.


Message History

You block the skeletal warrior's attack.
You block the orc's attack.
The skeletal warrior hits you but does no damage.
You block the skeletal warrior's attack.
You barely miss the skeletal warrior.
Your headbutt misses the skeletal warrior.
The skeletal warrior is severely damaged.
You slash the orc!
You kill the orc!
Okawaru accepts your kill.
The skeletal warrior closely misses you.
You block the skeletal warrior's attack. x3
The skeletal warrior hits you from afar with a +0 trident.
The skeletal warrior hits you from afar with a +0 trident!
You slash the skeletal warrior!
The skeletal warrior is almost destroyed.
You block the skeletal warrior's attack. x2
You slash the skeletal warrior!
The skeletal warrior is moderately damaged.
You closely miss the orc.
You hit the skeletal warrior but do no damage.
You block the orc's attack.
You block the skeletal warrior's attack.
The skeletal warrior barely misses you.
You block the skeletal warrior's attack.
The skeletal warrior completely misses you.
The orc barely misses you.
The skeletal warrior attacks as you move away!
The skeletal warrior hits you with a +0 battleaxe!!
The skeletal warrior attacks as you move away!
The skeletal warrior closely misses you.
The skeletal warrior hits you with a +0 trident!
The skeletal warrior attacks as you move away!
You block the skeletal warrior's attack.
The skeletal warrior hits you with a +0 mace!!
* * * LOW HITPOINT WARNING * * *
As you read the scroll of teleportation, it crumbles to dust.
You feel strangely unstable.
The skeletal warrior hits you with a +0 trident!!
You die...

#......o.#.# #.#P.
#........#.# #.#..
#........#.# #..P.
#........#.# #.#..
#........#.# #.#..
#........#.##########.##.
#......[.#.....[......##.
#.....ozz############.###
#######z#z@.............#.#
#.....).)z.#########..#.#.#
#..........# #######..#.#'#
#..........# #........#....
#......~...# #........#....
#......~...# #........#....
#....~≈~...# #........#....
#....~.....# #......#.#....
#.>..~.....# #......#.#....


You could see 4 skeletal warriors and an orc.

Vanquished Creatures
  Harold (D:9)
  A two-headed ogre (D:9)
  A komodo dragon (D:8)
  2 trolls (D:9)
  A hornet (D:9)
  A shadow (D:9)
  A steam dragon (D:8)
  An acid dragon (D:9)
  Menkaure (D:4)
  A water moccasin (D:8)
  A black bear (D:8)
  2 ice beasts
  4 orc warriors
  A centaur (D:8)
  A kobold brigand (D:8)
  Blork the orc (D:4)
  5 scorpions
  A gnoll sergeant (D:9)
  4 bullfrogs
  13 wights (D:7)
  3 killer bees (D:8)
  3 howler monkeys
  6 orc priests
  A gnoll bouda (D:9)
  3 jellies
  3 iguanas
  7 orc wizards
  11 gnolls
  5 adders
  2 shadow imps (D:6)
  2 white imps (D:6)
  An ufetubus (D:5)
  2 worms
  2 dart slugs
  25 orcs
  5 bats
  11 endoplasms
  5 giant cockroaches
  3 goblins
  3 hobgoblins
  2 jackals (D:2)
  2 quokkas (D:2)
  6 ball pythons
  6 frilled lizards
  9 kobolds
  3 rats
175 creatures vanquished.

Vanquished Creatures (others)
  30 fungi (D:8)
  26 plants (D:8)
56 creatures vanquished.

Grand Total: 231 creatures vanquished

Notes
Turn   | Place    | Note
-------+----------+-------------------------------------------
     0 | D:1      | Kangrisorn the Minotaur Fighter began the quest for the
                  | Orb.
     0 | D:1      | Reached XP level 1. HP: 19/19 MP: 0/0
     3 | D:1      | Noticed a spriggan
     3 | D:1      | Noticed a ghoul
     5 | D:1      | Noticed a draconian
     5 | D:1      | Noticed a troll
     7 | D:1      | Noticed a tengu
     7 | D:1      | Noticed a minotaur
     9 | D:1      | Noticed a palentonga
     9 | D:1      | Noticed an ogre
    11 | D:1      | Noticed an elf
    11 | D:1      | Noticed a felid
    14 | D:1      | Noticed a vine stalker
    16 | D:1      | Noticed a demigod
    16 | D:1      | Noticed a merfolk
    18 | D:1      | Noticed a meteoran
    18 | D:1      | Noticed a human
    20 | D:1      | Noticed a vampire
    22 | D:1      | Noticed a naga
    22 | D:1      | Noticed a demonspawn
    24 | D:1      | Noticed an octopode
    24 | D:1      | Noticed a formicid
    26 | D:1      | Noticed a gargoyle
    26 | D:1      | Noticed a draconian
    28 | D:1      | Noticed an elf
    28 | D:1      | Noticed a ghoul
   194 | D:1      | Reached XP level 2. HP: 27/27 MP: 1/1
   526 | D:1      | Reached skill level 1 in Throwing
   526 | D:1      | Reached XP level 3. HP: 29/33 MP: 2/2
   664 | D:1      | Found a faded altar of an unknown god.
  1058 | D:2      | Reached XP level 4. HP: 32/40 MP: 3/3
  1818 | D:3      | Noticed a scorpion
  1825 | D:3      | Killed a scorpion
  1826 | D:3      | Reached XP level 5. HP: 35/47 MP: 4/4
  2615 | D:4      | Found a staircase to the Ecumenical Temple.
  2660 | Temple   | Entered the Ecumenical Temple
  2666 | Temple   | Became a worshipper of Warmaster Okawaru
  3006 | D:4      | Noticed Menkaure
  3013 | D:4      | Killed Menkaure
  3014 | D:4      | Reached skill level 5 in Fighting
  3014 | D:4      | Reached skill level 5 in Armour
  3014 | D:4      | Reached skill level 5 in Shields
  3014 | D:4      | Reached XP level 6. HP: 56/56 MP: 5/5
  3322 | D:4      | Noticed Blork the orc
  3327 | D:4      | Killed Blork the orc
  3327 | D:4      | Reached * piety under Okawaru
  3341 | D:4      | Found a blossoming altar of Fedhas.
  3598 | D:5      | Entered Level 5 of the Dungeon
  3698 | D:5      | Reached XP level 7. HP: 61/61 MP: 6/6
  4134 | D:5      | Found Cujosh's Antique Armour Boutique.
  4143 | D:5      | Bought a runed cloak for 187 gold pieces
  4381 | D:6      | Reached skill level 5 in Axes
  4397 | D:6      | Identified the +5 scale mail of the Voracious God {Regen+}
  4857 | D:7      | Reached ** piety under Okawaru
  4858 | D:7      | Reached XP level 8. HP: 69/70 MP: 7/7
  4973 | D:7      | Found Jyetusom's Armour Boutique.
  4988 | D:7      | Bought a +0 kite shield for 45 gold pieces
  5068 | D:7      | Found an opulent altar of Gozag.
  5107 | D:7      | Found a shadowy altar of Dithmenos.
  5281 | D:7      | Reached skill level 5 in Throwing
  5638 | D:8      | Noticed a komodo dragon
  5642 | D:8      | Reached *** piety under Okawaru
  5647 | D:8      | Reached XP level 9. HP: 79/79 MP: 8/8
  5660 | D:8      | Killed a komodo dragon
  5676 | D:8      | Found a staircase to the Lair.
  5787 | D:8      | Reached **** piety under Okawaru
  6170 | D:8      | Noticed a skeletal warrior
  6171 | D:8      | Noticed a skeletal warrior
  6172 | D:8      | Noticed a skeletal warrior
  6172 | D:8      | Noticed a skeletal warrior
  6182 | D:8      | Noticed a skeletal warrior
  6338 | D:9      | Noticed a two-headed ogre
  6352 | D:9      | Killed a two-headed ogre
  6353 | D:9      | Reached XP level 10. HP: 26/90 MP: 9/9
  6436 | D:9      | Reached ***** piety under Okawaru
  6504 | D:9      | Noticed Harold
  6526 | D:9      | Killed Harold
  6526 | D:9      | Received a gift from Okawaru
  6640 | D:9      | Paralysed by a hornet for 1 turns
  6768 | D:9      | Identified the +5 broad axe "Ogreslayer" {antimagic, rElec
                  | Will+ Stlth+} (Okawaru gifted it to you on level 9 of the
                  | Dungeon)
  6768 | D:9      | Received a gift from Okawaru
  7106 | D:8      | Mangled by a skeletal warrior

Illustrated notes

Levels and vault maps discovered:
D:1:      kb_arrival_jail, layout_loops_ring, chequers_ecumenical_altar_simple,
          minmay_quantized
D:2:      layout_loops_ring
D:3:      layout_rooms, minmay_strange_pillars, minmay_misc_feat_diagonals,
          lemuel_flame_loot_1
D:4:      layout_basic, fedhas_altar_3, minmay_temple_entry_glass,
          uniq_menkaure, uniq_blork_the_orc
D:5:      layout_loops_corners, serial_shops, nicolae_shop_statue_plus
D:6:      layout_rooms
D:7:      layout_gridville, mainiacjoe_overflow_small_starburst,
          mainiacjoe_overflow_tiny_flanked, serial_shops,
          nicolae_lakefront_shop, hangedman_abyss_or_decor_stabs,
          dk_noncrumbling_4
D:8:      layout_basic, due_lair_maze_entry_diamond
D:9:      layout_basic, uniq_harold
Temple:   eino_narrow_crystal_temple

Skill      XL: |  1  2  3  4  5  6  7  8  9 10 |
---------------+-------------------------------+-----
Fighting       | 4 5 6 7 8 9 |  9.3
Armour         | 4 5 6 7 8 9 |  9.3
Throwing       | 1 2 3 5 6 7 |  7.0
Shields        | 4 5 6 7 8 9 |  9.3
Axes           | 3 4 5 6 8 |  8.9

Action                   |  1- 3 |  4- 6 |  7- 9 | 10-12 || total
-------------------------+-------+-------+-------+-------++-------
Melee: War axe           |    64 |    79 |   251 |    66 ||   460
       Headbutt          |    11 |    17 |    57 |    27 ||   112
       Broad axe         |       |       |       |    15 ||    15
Throw: Dart              |     1 |       |       |       ||     1
       Boomerang         |       |       |     2 |       ||     2
Invok: Heroism           |       |       |     1 |       ||     1
Evoke: Wand              |       |       |     4 |       ||     4
  Use: Scroll            |     1 |    17 |     5 |     1 ||    24
       Potion            |       |       |     1 |       ||     1
Armor: Scale mail        |    36 |    24 |   104 |    35 ||   199
Dodge: Dodged            |    30 |    20 |    93 |    30 ||   173
Block: Buckler           |     7 |    33 |    50 |       ||    90
       Reflection        |       |       |     3 |       ||     3
       Kite shield       |       |       |   180 |    84 ||   264
